[Event "Team 45 45 League T44"]
[Site "Internet Chess Club"]
[Date "2010.03.13"]
[Round "6"]
[White "DAISYAGERS"]
[Black "zachi"]
[Result "1-0"]
[WhiteElo "1920"]
[BlackElo "1938"]
[Opening "Caro-Kann: classical, Spassky variation"]
[ECO "B19"]
[Time "01:02:00"]
[TimeControl "2700+45"]

1. e4 c6 2. d4 d5 3. Nd2 dxe4 4. Nxe4 Bf5 5. Ng3 Bg6 6. h4 h6 7. Nf3 Nd7 8. h5
Bh7 9. Bd3 Bxd3 10. Qxd3 e6 11. Bf4 Qa5+ 12. Bd2 Bb4 13. c3 Be7 14. c4 Qc7 15.
O-O-O Ngf6 16. Kb1 O-O 17. Ne4 b5 18. Nxf6+ Nxf6 19. Rc1 bxc4 20. Rxc4 Rab8 21.
Ne5 c5 22. Qf3 Qb6 23. b3 Rbc8 24. Rhc1 Qc7 25. Bb4 Nd7 26. Nxd7 Qxd7 27. Bxc5
Bxc5 28. Rxc5 Rxc5 29. dxc5 Rc8 30. c6 Qd6 31. Rd1 Qxc6 32. Rd8+ Kh7 33. Qxc6
Rxc6 34. Rd7 a5 35. Rxf7 Rc5 36. g4 Re5 37. Kb2 Kg8 38. Rf4 g6 39. hxg6 Kg7 40.
Kc3 Kxg6 41. f3 Kg5 42. Rf8 Kh4 43. Kd4 Re2 44. a4 Rb2 45. Rf6 Kg5 46. Rxe6 Rxb3
47. Re5+ Kf4 48. Rxa5 Kxf3 49. Kc4 Ra3 50. Kb4 Ra1 51. Rh5 Kxg4 52. Rxh6 Kf5 53.
Rd6 Ke5 54. Rd8 Rb1+ 55. Kc5 Ra1 56. Re8+ Kf6 57. Kb5 Rb1+ 58. Ka6 Kf7 59. Re2
Rd1 60. a5 Rd6+ 61. Kb7 Rd7+ 62. Kc6 Ra7 63. Kb6 Rd7 64. a6 Rd1 65. Ra2 Rd6+ 66.
Kc7 Ke7 67. Re2+ {Black resigns} 1-0

[Event "Team 45 45 League T44"]
[Site "Internet Chess Club"]
[Date "2010.03.20"]
[Round "6"]
[White "mfeatherston"]
[Black "Charlemagne"]
[Result "1-0"]
[WhiteElo "1940"]
[BlackElo "1678"]
[Opening "Scotch gambit: Dubois-Réti defense"]
[ECO "C55"]
[Time "17:00:57"]
[TimeControl "2700+45"]

1. e4 e5 2. Nf3 Nc6 3. d4 exd4 4. Bc4 Nf6 5. e5 d5 6. Bb5 Ne4 7. Nxd4 Bc5 8. Be3
Bd7 9. Bxc6 bxc6 10. Nd2 Bxd4 11. Bxd4 c5 12. Nxe4 cxd4 13. Nc5 Qg5 14. Qxd4
Qxg2 15. O-O-O Be6 16. Qa4+ Ke7 17. f4 Qf2 18. Nd3 Qe3+ 19. Kb1 Qb6 20. Qa3+ Ke8
21. h4 Rb8 22. Rhf1 Bf5 23. b3 c6 24. Rfe1 Bxd3 25. Rxd3 Qf2 26. Qc1 Qxh4 27. f5
Kf8 28. Qa3+ Ke8 29. Rde3 Qe7 30. Qa6 Qc7 31. f6 g6 32. e6 Qb6 33. exf7+ Kxf7
34. Re7+ Kxf6 35. Qf1+ Kg5 36. R1e5+ Kg4 37. Qg2+ Kf4 38. Qg5+ Kf3 39. Rf7#
{Black checkmated} 1-0

[Event "Team 45 45 League T44"]
[Site "Internet Chess Club"]
[Date "2010.03.12"]
[Round "6"]
[White "DuDochNicht"]
[Black "Grenadier"]
[Result "1/2-1/2"]
[WhiteElo "1699"]
[BlackElo "1682"]
[Opening "Pirc defense"]
[ECO "B07"]
[Time "20:03:47"]
[TimeControl "2700+45"]

1. e4 d6 2. d4 Nf6 3. Nc3 g6 4. Be2 Bg7 5. Be3 O-O 6. g4 e5 7. d5 c6 8. g5 Ne8
9. h4 cxd5 10. Nxd5 Be6 11. h5 Nc7 12. Nf6+ Bxf6 13. gxf6 d5 14. Bc5 Re8 15. Be7
Rxe7 16. fxe7 Qxe7 17. Qd2 Nc6 18. hxg6 fxg6 19. O-O-O Rd8 20. Qh6 Nd4 21. Bf3
Rf8 22. exd5 Nxd5 23. Be4 Nf4 24. Nf3 Nfe2+ 25. Kb1 Nf5 26. Bxf5 Bxf5 27. Ng5
Rc8 28. Ka1 Nd4 29. Rxd4 exd4 30. Nxh7 Qg7 31. Qh4 d3 32. cxd3 Bxd3 33. Qh3 Qc7
34. Nf6+ Kf7 35. Qxd3 Qc1+ 36. Rxc1 Rxc1+ 37. Qb1 Rxb1+ 38. Kxb1 Kxf6 39. Kc2
Ke5 40. Kd3 g5 41. Ke3 g4 42. b3 a5 43. a3 a4 44. bxa4 b6 45. a5 bxa5 46. a4 Kf5
47. f4 g3 48. Kf3 g2 49. Kxg2 Kxf4 50. Kf2 Ke4 51. Ke2 Kd4 52. Kd2 Kc4 53. Kc2
Kb4 54. Kb2 Kxa4 55. Ka2 {Game drawn by mutual agreement} 1/2-1/2

[Event "Team 45 45 League T44"]
[Site "Internet Chess Club"]
[Date "2010.03.13"]
[Round "6"]
[White "GoIrish"]
[Black "Itzsoweezee"]
[Result "1-0"]
[WhiteElo "1589"]
[BlackElo "1523"]
[Opening "Réti: King's Indian attack, Keres variation"]
[ECO "A07"]
[Time "06:30:12"]
[TimeControl "2700+45"]

1. Nf3 d5 2. g3 Bg4 3. Bg2 Nd7 4. O-O e5 5. d3 Ngf6 6. Nbd2 Bd6 7. e4 dxe4 8.
dxe4 h6 9. c3 Nc5 10. Qc2 O-O 11. b4 Ne6 12. Nc4 Bxf3 13. Bxf3 b5 14. Ne3 Ng5
15. Bg2 Nfh7 16. Nf5 Ne6 17. Be3 Nf6 18. h3 Kh8 19. Rad1 Ng8 20. Qd2 Be7 21. Qd5
Qxd5 22. exd5 Nd8 23. d6 cxd6 24. Bxa8 Ne6 25. Bc6 a6 {Black resigns} 1-0

[Event "Team 45 45 League T44"]
[Site "Internet Chess Club"]
[Date "2010.03.14"]
[Round "6"]
[White "Monsoon-Smith"]
[Black "Matusalen"]
[Result "1/2-1/2"]
[WhiteElo "2061"]
[BlackElo "2020"]
[Opening "QGA: 3.e4"]
[ECO "D20"]
[Time "13:07:39"]
[TimeControl "2700+45"]

1. d4 d5 2. c4 dxc4 3. e4 Nc6 4. Be3 Nf6 5. Nc3 e5 6. d5 Na5 7. Qa4+ c6 8. b4
cxb3 9. axb3 b5 10. Nxb5 cxb5 11. Bxb5+ Bd7 12. Bxd7+ Nxd7 13. Nf3 Bd6 14. b4
Nc4 15. Bc5 Nb6 16. Qb5 a6 17. Rxa6 Rxa6 18. Qxa6 Bxc5 19. bxc5 Nxc5 20. Qb5+
Nbd7 21. O-O Qe7 22. Rd1 O-O 23. Qc4 Nb7 24. Ra1 Nd6 25. Qe2 Rb8 26. h3 h6 27.
Ra7 Rb7 28. Ra8+ Kh7 29. Qc2 Nf6 30. Nd2 Ra7 31. Rb8 Ra1+ 32. Rb1 Qa7 33. Rxa1
Qxa1+ 34. Kh2 Qe1 35. f3 Qe2 36. Qc3 Nh5 37. Qxe5 Qxd2 38. Qxh5 Qf4+ 39. Kg1 g6
40. Qg4 Qxg4 41. hxg4 g5 42. Kf2 Kg7 43. Ke3 Kf6 44. g3 Ke7 45. Kd4 f6 46. f4
Nb5+ 47. Kc5 Nc3 48. e5 fxe5 49. fxe5 Kd7 50. e6+ Ke7 51. Kc6 Ne4 52. Kc7 Nd6
53. Kc6 Ne4 54. Kc7 Nd6 55. Kc6 Ne8 56. Kc5 {Game drawn by mutual agreement}
1/2-1/2

[Event "Team 45 45 League T44"]
[Site "Internet Chess Club"]
[Date "2010.03.15"]
[Round "6"]
[White "Chatica"]
[Black "MeanMrMustard"]
[Result "1-0"]
[WhiteElo "1961"]
[BlackElo "1861"]
[Opening "Sicilian: closed, 2...Nc6"]
[ECO "B23"]
[Time "21:01:18"]
[TimeControl "2700+45"]

1. e4 c5 2. Nc3 Nc6 3. Bb5 Nd4 4. Bc4 e6 5. Nge2 a6 6. a4 d6 7. O-O Nf6 8. d3
Be7 9. f4 Nc6 10. Qe1 d5 11. Bb3 d4 12. Nb1 b6 13. h3 Bb7 14. Nd2 Na5 15. Ba2
Nh5 16. f5 exf5 17. Rxf5 Nf6 18. Nc4 Nxc4 19. Bxc4 O-O 20. Qg3 Bc8 21. Bh6 Ne8
22. Rd5 Qc7 23. Bf4 Qc6 24. Re5 Be6 25. Bd5 Bxd5 26. Rxe7 Be6 27. Bh6 g6 28. Qe5
Qd6 29. Qxd6 Nxd6 30. Bxf8 Kxf8 31. Rc7 g5 32. c3 dxc3 33. bxc3 c4 34. dxc4 Nxc4
35. Nd4 Nd6 36. Nxe6+ fxe6 37. Rf1+ Kg8 38. e5 Ne4 39. Rff7 h5 40. Rg7+ Kf8 41.
Rh7 Kg8 42. Rxh5 Rd8 43. Rch7 Rd1+ 44. Kh2 Nxc3 45. g4 Rd2+ 46. Kg1 Ne4 47. Rh8+
Kg7 48. R5h7+ Kg6 49. Re7 Nc5 50. Rf8 Rd1+ 51. Kg2 Rd2+ 52. Kf3 Nd7 53. Rg8+ Kh6
54. Rxe6+ Kh7 55. Rc8 Rd3+ 56. Ke2 Rd5 57. Rc7 Kg8 58. Re7 Rxe5+ 59. Rxe5 Nxe5
60. Ke3 b5 61. axb5 axb5 62. Rc5 Nf7 63. Rxb5 Kg7 64. Rb6 Nh8 65. Ke4 Nf7 66.
Kf5 {Black resigns} 1-0

[Event "Team 45 45 League T44"]
[Site "Internet Chess Club"]
[Date "2010.03.13"]
[Round "6"]
[White "DTK"]
[Black "DaMaGor"]
[Result "1-0"]
[WhiteElo "2172"]
[BlackElo "2004"]
[Opening "Sicilian"]
[ECO "B50"]
[Time "18:44:28"]
[TimeControl "2700+45"]

1. e4 c5 2. Nf3 d6 3. c3 Nf6 4. Bd3 Bg4 5. Bc2 e6 6. d3 Nc6 7. Nbd2 Be7 8. h3
Bh5 9. Nf1 d5 10. Qe2 Qc7 11. Ng3 Bxf3 12. Qxf3 O-O 13. O-O d4 14. Qe2 Rad8 15.
f4 Rfe8 16. e5 Nd7 17. Ne4 f6 18. Bb3 Nf8 19. exf6 Bxf6 20. f5 Kh8 21. Nxf6 gxf6
22. fxe6 Qe5 23. Qxe5 fxe5 24. Bg5 Rd6 25. e7 Nd7 26. Rf7 Rg6 27. Bh4 e4 28.
Raf1 Nxe7 29. dxe4 c4 30. Ba4 Reg8 31. Bxd7 Rxg2+ 32. Kh1 {Black resigns} 1-0

[Event "Team 45 45 League T44"]
[Site "Internet Chess Club"]
[Date "2010.03.11"]
[Round "6"]
[White "Beddathanme"]
[Black "Chris2p2"]
[Result "0-1"]
[WhiteElo "1832"]
[BlackElo "1832"]
[Opening "Blackmar gambit"]
[ECO "B01"]
[Time "22:00:16"]
[TimeControl "2700+45"]

1. e4 d5 2. d4 dxe4 3. Nc3 Nf6 4. f3 exf3 5. Nxf3 c6 6. Bc4 Bf5 7. O-O e6 8. Ne5
Bg6 9. Be3 Nbd7 10. Nxg6 hxg6 11. Qf3 Qc7 12. g3 Nb6 13. Bb3 O-O-O 14. Bg5 Rxd4
15. Bxf6 gxf6 16. Qxf6 Bc5 17. Kh1 Rdd8 18. Ne4 Bd6 19. Qxf7 Bxg3 20. Bxe6+ Kb8
21. Qxc7+ Bxc7 22. h3 Nd5 23. Rad1 Rde8 24. Nc5 Ne3 25. Bf7 Rxh3+ 26. Kg1 Bh2+
27. Kf2 Nxd1+ 28. Rxd1 Re7 29. Bxg6 Rh6 30. Bd3 Rf6+ 31. Kg2 Rg7+ 32. Kh1 Rh6
{White resigns} 0-1

[Event "Team 45 45 League T44"]
[Site "Internet Chess Club"]
[Date "2010.03.16"]
[Round "6"]
[White "whiskeytown"]
[Black "Beetlejuice"]
[Result "1/2-1/2"]
[WhiteElo "1414"]
[BlackElo "1827"]
[Opening "Sicilian defense"]
[ECO "B40"]
[Time "13:03:10"]
[TimeControl "2700+45"]

1. e4 c5 2. Nf3 e6 3. d3 Nf6 4. Nbd2 d5 5. g3 Nc6 6. Bg2 dxe4 7. dxe4 e5 8. O-O
Be7 9. Nc4 Qc7 10. Re1 Be6 11. Qe2 h6 12. a3 O-O 13. Bd2 b5 {Game drawn by
mutual agreement} 1/2-1/2

[Event "Team 45 45 League T44"]
[Site "Internet Chess Club"]
[Date "2010.03.12"]
[Round "6"]
[White "frank001"]
[Black "TerryMalloy"]
[Result "1-0"]
[WhiteElo "1852"]
[BlackElo "1979"]
[Opening "KGA: Abbazia defense, modern variation"]
[ECO "C31"]
[Time "23:00:04"]
[TimeControl "2700+45"]

1. e4 e5 2. f4 d5 3. exd5 exf4 4. Nf3 Nf6 5. Bc4 Nxd5 6. O-O Be7 7. Bxd5 Qxd5 8.
d4 O-O 9. Bxf4 c5 10. Nc3 Qf5 11. Be3 Qh5 12. h3 Nc6 13. d5 Ne5 14. d6 Bf6 15.
Nxe5 Bxe5 16. Qxh5 {Black resigns} 1-0

[Event "Team 45 45 League T44"]
[Site "Internet Chess Club"]
[Date "2010.03.15"]
[Round "6"]
[White "alexdb"]
[Black "eSeM"]
[Result "1/2-1/2"]
[WhiteElo "1980"]
[BlackElo "1970"]
[Opening "Petrov's defense"]
[ECO "C42"]
[Time "21:21:38"]
[TimeControl "2700+45"]

1. e4 e5 2. Nf3 Nf6 3. d3 d6 4. g3 Nc6 5. Bg2 d5 6. Nbd2 Bc5 7. O-O Bg4 8. h3
Bh5 9. a3 O-O 10. Re1 Bxf3 11. Bxf3 Bd4 12. c3 Bb6 13. Qc2 d4 14. c4 a5 15. Bg2
a4 16. Nf3 Nd7 17. Bg5 f6 18. Bd2 Nc5 19. Rf1 Ba5 20. Bxa5 Nxa5 21. Nd2 Qd7 22.
f4 exf4 23. Rxf4 Nc6 {Game drawn by mutual agreement} 1/2-1/2

[Event "Team 45 45 League T44"]
[Site "Internet Chess Club"]
[Date "2010.03.13"]
[Round "6"]
[White "jjmolina"]
[Black "talfischerman"]
[Result "0-1"]
[WhiteElo "1703"]
[BlackElo "1622"]
[Opening "Two knights defense (Modern bishop's opening)"]
[ECO "C55"]
[Time "23:06:02"]
[TimeControl "2700+45"]

1. e4 e5 2. Nf3 Nc6 3. Bc4 Nf6 4. d3 Be7 5. h3 O-O 6. O-O d6 7. c3 Na5 8. Bb5 a6
9. Ba4 b5 10. Bc2 c5 11. b4 Nc6 12. a4 Bb7 13. Bd2 d5 14. Re1 dxe4 15. dxe4 cxb4
16. axb5 axb5 17. cxb4 Rxa1 {White resigns} 0-1

[Event "Team 45 45 League T44"]
[Site "Internet Chess Club"]
[Date "2010.03.13"]
[Round "6"]
[White "Xanther"]
[Black "andrew28"]
[Result "0-1"]
[WhiteElo "1399"]
[BlackElo "1678"]
[Opening "Sicilian: Alapin's variation (2.c3)"]
[ECO "B22"]
[Time "16:02:56"]
[TimeControl "2700+45"]

1. e4 c5 2. c3 d5 3. exd5 Qxd5 4. d4 Nc6 5. Bb5 cxd4 6. Bxc6+ Qxc6 7. cxd4 Qxg2
8. Qf3 Qxf3 9. Nxf3 f6 10. h3 Bd7 11. Nc3 e6 12. Rg1 Kf7 13. Bf4 g5 14. Be3 h5
15. Ke2 Bd6 16. a4 a6 17. Rad1 Ne7 18. Ne4 Bc7 19. Rc1 Rac8 20. Nc5 Bc6 21. Bxg5
Bxf3+ 22. Kxf3 fxg5 23. Nxb7 Bf4 24. Rce1 Nf5 25. Re4 Rc2 26. Nc5 Nxd4+ 27. Rxd4
Rxc5 28. Rd7+ Kf6 29. Rd6 Bxd6 {White resigns} 0-1

[Event "Team 45 45 League T44"]
[Site "Internet Chess Club"]
[Date "2010.03.14"]
[Round "6"]
[White "Despair"]
[Black "Wheels"]
[Result "1-0"]
[WhiteElo "2032"]
[BlackElo "1970"]
[Opening "Benko's opening"]
[ECO "A00"]
[Time "20:02:00"]
[TimeControl "2700+45"]

1. g3 Nf6 2. b3 g6 3. Bb2 Bg7 4. Bg2 O-O 5. Nf3 d6 6. d4 Nbd7 7. O-O c5 8. Nc3
a6 9. e4 Qc7 10. Re1 cxd4 11. Nxd4 Nc5 12. Nd5 Nxd5 13. exd5 e5 14. dxe6 fxe6
15. b4 Na4 16. Nxe6 Bxe6 17. Bxg7 Qxg7 18. Rxe6 Qf7 19. Qd2 Nb6 20. Rxd6 Qc7 21.
Rd1 Rf7 22. Qd4 Nc4 23. Rd7 Rxd7 24. Qxd7 Qxd7 25. Rxd7 {Black resigns} 1-0

[Event "Team 45 45 League T44"]
[Site "Internet Chess Club"]
[Date "2010.03.18"]
[Round "6"]
[White "Fuzzie"]
[Black "ChessyNessy"]
[Result "1-0"]
[WhiteElo "1780"]
[BlackElo "1923"]
[Opening "Sicilian: closed"]
[ECO "B24"]
[Time "15:04:52"]
[TimeControl "2700+45"]

1. e4 c5 2. Nc3 g6 3. g3 Bg7 4. Bg2 Nc6 5. d3 Nf6 6. h3 O-O 7. Be3 d6 8. Nge2
Rb8 9. O-O b5 10. Qd2 b4 11. Nd1 Re8 12. Bh6 Bh8 13. f4 Nh5 14. g4 Ng7 15. f5 e5
16. fxg6 hxg6 17. Bg5 Qc7 18. Ne3 Be6 19. Ng3 Rf8 20. h4 Ne8 21. h5 Qd7 22. Bh6
Bg7 23. Bxg7 Kxg7 24. hxg6 fxg6 25. Rxf8 Kxf8 26. Rf1+ Kg7 27. Nef5+ gxf5 28.
Nh5+ Kf8 29. exf5 Bf7 30. Qh6+ Ke7 31. Qg5+ Kf8 32. f6 Nd4 33. Qh6+ Kg8 34. Qg5+
Kf8 35. Be4 Bxh5 36. Qxh5 Ne6 37. Qh8+ Kf7 38. Qh7+ {Black resigns} 1-0

[Event "Team 45 45 League T44"]
[Site "Internet Chess Club"]
[Date "2010.03.11"]
[Round "6"]
[White "BrerRabbit"]
[Black "quotha"]
[Result "1/2-1/2"]
[WhiteElo "1469"]
[BlackElo "1596"]
[Opening "English opening"]
[ECO "A20"]
[Time "10:37:36"]
[TimeControl "2700+45"]

1. c4 e5 2. g3 Nf6 3. Bg2 Bc5 4. e3 Nc6 5. Nc3 O-O 6. Nge2 a6 7. d4 exd4 8. exd4
Ba7 9. O-O d6 10. h3 Bf5 11. Bg5 h6 12. Bf4 Qd7 13. Kh2 Rab8 14. g4 Bh7 15. Re1
Nb4 16. Rf1 Rfe8 17. a3 Nd3 18. Bc1 Nxc1 19. Rxc1 b5 20. cxb5 axb5 21. b4 Ne4
22. Nxe4 Bxe4 23. Bxe4 Rxe4 24. Qc2 d5 25. Qxc7 Qxc7+ 26. Rxc7 Bxd4 27. Nxd4
Rxd4 28. Re1 Ra8 29. Ree7 Rf4 30. Kg3 g5 31. Re3 Rc4 {Game drawn by mutual
agreement} 1/2-1/2